AoeStats
← Kellokz

Arena

509974096Analyzed
4v4 RM · 3d ago on Sep 28, 2026· 36m 25s· 8 players
Game mode
Random Map
Map size
Large (8 player)
Population
200
Speed
Normal
Resources
Standard
Victory
Conquest
Starting age
Dark Age
Ending age
Imperial Age
RankedLock teamsTeams togetherTeam positionsShared explorationLock speedFull tech treeHidden civsTurbo modeCheats
Victory
Defeat
🇦🇱 Turks · Albania
1133
+13
🇦🇷 Franks · Argentina
1122
+13
🇲🇽 Spanish · Mexico
1106
+14
🇲🇽 Aztecs · Mexico
1076
+16
🇩🇪 Italians · Germany
1081
-15
🇩🇪 Varangians · Germany
1081
-15
🇬🇧 Goths · United Kingdom
1043
-13
🇩🇪 Romans · Germany
1031
-13
PlaceboJesse
0:27 Loom
9:45 Feudal Age
15:13 Castle Age
14:46 Double-Bit Axe
20:56 Horse Collar
23:14 Wheelbarrow
24:18 Heavy Plow
26:30 Gold Mining
26:53 Town Watch
30:05 Imperial Age
28:24 Hand Cart
29:00 Forging
28:55 Scale Barding Armor
29:47 Pikeman
31:05 Iron Casting
30:50 Chain Barding Armor
30:49 Scale Mail Armor
30:57 Squires
30:20 Halberdier
36:02 Conscription
NoobPwner
0:27 Loom
9:42 Feudal Age
11:07 Double-Bit Axe
17:08 Castle Age
18:54 Wheelbarrow
18:32 Bow Saw
18:05 Horse Collar
19:01 Fervor
20:54 Hand Cart
25:37 Stone Mining
25:39 Gold Mining
28:37 Heavy Plow
31:23 Imperial Age
28:39 Town Watch
29:10 Forging
29:00 Scale Mail Armor
29:11 Treadmill Crane
29:42 Masonry
29:29 Murder Holes
29:55 Ballistics
29:58 Anarchy
30:35 Iron Casting
30:32 Squires
30:48 Chain Mail Armor
Kellokz
10:49 Feudal Age
14:33 Castle Age
12:22 Double-Bit Axe
12:30 Horse Collar
15:46 Bow Saw
19:38 Husbandry
21:41 Bloodlines
22:54 Wheelbarrow
24:00 Forging
23:51 Scale Mail Armor
24:06 Gold Mining
24:07 Stone Mining
24:54 Hand Cart
26:15 Scale Barding Armor
32:51 Chain Barding Armor
33:07 Iron Casting
36:07 Imperial Age
Kauly | TTV
12:43 Feudal Age
16:39 Castle Age
15:19 Loom
20:54 Imperial Age
19:52 Squires
21:38 Scale Mail Armor
22:56 Chemistry
22:14 Padded Archer Armor
22:07 Double-Bit Axe
22:18 Gold Mining
24:05 Forging
29:40 Horse Collar
31:20 Bow Saw
32:17 Fletching
32:33 Heavy Plow
33:58 Wheelbarrow
Sniper_Wolf
8:39 Loom
11:07 Feudal Age
17:58 Castle Age
16:27 Double-Bit Axe
16:51 Horse Collar
17:18 Padded Archer Armor
19:00 Bow Saw
26:29 Leather Archer Armor
29:29 Wheelbarrow
28:41 Town Watch
29:46 Scale Barding Armor
29:52 Forging
30:30 Bloodlines
30:22 Husbandry
29:43 Light Cavalry
31:14 Chain Barding Armor
33:36 Masonry
36:26 Imperial Age
34:53 Iron Casting
Elma Kanon
11:44 Feudal Age
15:00 Castle Age
13:03 Double-Bit Axe
25:07 Horse Collar
26:12 Bow Saw
27:27 Heavy Plow
28:57 Gold Mining
33:27 Imperial Age
31:46 Gold Shaft Mining
31:28 Forging
32:03 Scale Mail Armor
31:53 Gambesons
34:12 Wheelbarrow
34:16 Iron Casting
34:38 Garland Wars
34:39 Conscription
34:15 Arson
35:56 Elite Jaguar Warrior
KZA
10:52 Feudal Age
14:53 Castle Age
13:07 Double-Bit Axe
13:38 Loom
27:53 Imperial Age
25:42 Husbandry
26:42 Scale Barding Armor
26:47 Forging
26:42 Scale Barding Armor
26:52 Forging
27:40 Wheelbarrow
30:52 Chain Barding Armor
31:07 Iron Casting
30:03 Cavalier
34:29 Iron Casting
insaneBestar
12:17 Feudal Age
16:15 Castle Age
14:10 Double-Bit Axe
14:24 Horse Collar
20:35 Imperial Age
33:32 Loom
Connection lost

Rejoining the realm…

Still unreachable

The connection could not be restored.

Session expired

The server has moved on; the page needs a fresh start.